 Dungeon Crawl Stone Soup version 0.29.1-1-gd02db6906a (webtiles) character file.

Game seed: 1784164650632620106

1893 Icepheonix32 the Covered (level 8, -7/74 HPs)
             Began as a Minotaur Fighter on Sept 21, 2022.
             Mangled by a wight
             ... wielding a +3 flail
              (14 damage)
             ... on level 6 of the Dungeon.
             The game lasted 00:06:40 (5063 turns).

Icepheonix32 the Covered (Minotaur Fighter)         Turns: 5063, Time: 00:06:41

Health: -7/74      AC:  9    Str: 22    XL:     8   Next: 93%
Magic:  7/7        EV: 10    Int:  5    God:
Gold:   141        SH: 10    Dex: 11    Spells: 7/7 levels left

rFire   + . .      SeeInvis .   w - +2 whip (elec)
rCold   . . .      Faith    .   c - +0 buckler
rNeg    . . .      Spirit   .   b - +1 scale mail
rPois   .          Reflect  +   (helmet restricted)
rElec   .          Harm     .   (no cloak)
rCorr   .          Rampage  .   (no gloves)
Will    .....                   (no boots)
Stlth   ..........              j - amulet of reflection
HPRegen 0.22/turn               q - ring of protection from fire
MPRegen 0.10/turn               (no ring)

@: hasted, very quick
A: horns 2, retaliatory headbutt
a: no special abilities


You were on level 6 of the Dungeon.
You visited 1 branch of the dungeon, and saw 6 of its levels.

You collected 183 gold pieces.
You spent 42 gold pieces at shops.

Inventory:

Hand Weapons
 a - a +0 war axe
 g - a +2 dagger of flaming
 w - a +2 whip of electrocution (weapon)
Missiles
 f - a throwing net (quivered)
 l - 3 boomerangs
Armour
 b - a +1 scale mail (worn)
 c - a +0 buckler (worn)
Jewellery
 d - a ring of wizardry
 j - an amulet of reflection (around neck)
 q - a ring of protection from fire (left hand)
 r - a ring of protection from fire
 u - a ring of poison resistance
Wands
 v - a wand of paralysis (5)
 A - a wand of flame (14)
Scrolls
 h - a scroll of enchant armour
 n - a scroll of magic mapping
 o - 2 scrolls of noise {unknown}
 y - a scroll of teleportation
 z - a scroll of fear
 C - a scroll of fog
 E - a scroll of identify {unknown}
 F - a scroll of acquirement {unknown}
Potions
 e - 2 potions of attraction
 i - 3 potions of brilliance
 k - a potion of ambrosia {unknown}
 m - a potion of curing
 s - a potion of lignification {unknown}
 t - a potion of mutation {unknown}
 x - a potion of invisibility {unknown}
 B - a potion of cancellation {unknown}


   Skills:
 * Level 7.7 Fighting
 - Level 5.9 Short Blades
 - Level 2.4 Axes
 + Level 0.2(1.4) Maces & Flails
 + Level 7.9 Armour
 + Level 2.9 Dodging
 + Level 1.1 Stealth
 + Level 6.9 Shields


You had 7 spell levels left.
You didn't know any spells.
Your spell library was empty.

Dungeon Overview and Level Annotations

Branches:
Dungeon (6/15)             Temple (0/1) D:6

Altars:
Makhleb
Qazlal
Xom

Shops:
D:1 *

Annotations:
D:5 2 transporters, CertainDeath's ghost, novice MiGl


Innate Abilities, Weirdness & Mutations

You have a pair of horns on your head.
You reflexively headbutt those who attack you in melee.


Message History

A wight, 3 kobolds and an ogre come into view.
Found a book of Dreams.
Found a stone staircase leading up.
A wight and a kobold come into view.
The kobold is wielding a +0 antimagic dagger.
Found an encrusted emerald ring.
The kobold shouts! x4; The ogre shouts!
You hear a shout! x3
The phantom hits you.
* * * LOW HITPOINT WARNING * * *
The phantom blinks!
You blink.
A wight, a kobold brigand and 3 kobolds come into view.
The kobold brigand is wielding a +0 short sword and quivering poisoned darts.
A kobold is wielding a +2 short sword of speed.
The kobold moves out of view.
The wight moves out of view.
As you read the scroll of teleportation, it crumbles to dust.
You feel strangely unstable.
The kobold brigand shouts!
The kobold shouts! x3
The phantom hits you but does no damage.
You hit the phantom but do no damage. You headbutt the phantom!
The phantom is moderately damaged.
The phantom hits you.
* * * LOW HITPOINT WARNING * * *
The phantom blinks!
You blink.
The phantom misses you.
Unknown command.
The kobold attacks as you move away!
The kobold hits you with a +2 short sword of speed.
* * * LOW HITPOINT WARNING * * *
The phantom attacks as you move away!
The phantom hits you but does no damage.
Found a rapier.
Your surroundings suddenly seem different.
A wight comes into view. It is wielding a +3 flail.
Found a stone staircase leading down.
A wight comes into view. It is wielding a +0 battleaxe.
Found a mace.
Found an escape hatch in the ceiling.
An iguana comes into view.
Found 14 gold pieces.
The wight attacks as you move away! The wight hits you with a +3 flail.
* * * LOW HITPOINT WARNING * * *
You feel yourself speed up. The wight hits you with a +3 flail!
You die...

*### ########*..##*
#......#*...,****
#>.....##..,,,,,*****
#......#..#****,,,,,*
#......#..#,,,*,,,,,* ***
#......#.$#,∩,+,,,,,* ,,*****
#......z@.#,,,*,,,,,*
*,,,,,**#......z<.#****,,,,,*
*****,,..............,,,,,,,*
###....##..............******
.,....z.....l..........#
###...........)...##...#**
....(.##..=.......#,....,*
......#*......#...#,,...,*
....).#.K..,*,,,,,*,,,,,,**


You could see an iguana and 2 wights.

Vanquished Creatures
  Pikel (D:5)
  Grinder (D:5)
  Eustachio (D:4)
  Menkaure (D:5)
  A black bear (D:5)
  2 ogres
  3 lemures (D:5)
  A phantom (D:5)
  Blork the orc (D:5)
  2 necrophages (D:5)
  3 scorpions (D:5)
  A bullfrog (D:6)
  A howler monkey (D:5)
  4 crimson imps (D:5)
  A jelly (D:4)
  2 hounds
  2 iguanas (D:5)
  Ijyb (D:4)
  Natasha (twice) (D:2)
  Terence (D:3)
  7 adders
  A shadow imp (D:6)
  4 worms
  3 dart slugs
  4 orcs
  4 endoplasms
  2 giant cockroaches
  9 goblins
  5 hobgoblins
  4 jackals (D:1)
  4 quokkas
  9 ball pythons
  5 bats
  A frilled lizard (D:1)
  6 kobolds
  3 rats
103 creatures vanquished.

Vanquished Creatures (others)
  2 fungi (D:2)
  A plant (D:2)
3 creatures vanquished.

Grand Total: 106 creatures vanquished

Notes
Turn   | Place    | Note
-------+----------+-------------------------------------------
     0 | D:1      | Icepheonix32 the Minotaur Fighter began the quest for the
                  | Orb.
     0 | D:1      | Reached XP level 1. HP: 19/19 MP: 0/0
    72 | D:1      | Reached XP level 2. HP: 20/27 MP: 1/1
   528 | D:1      | Reached XP level 3. HP: 33/33 MP: 2/2
   666 | D:1      | Found Ynupnear's General Store.
   676 | D:1      | Bought a potion of curing for 42 gold pieces
   802 | D:2      | Found a faded altar of an unknown god.
  1084 | D:2      | Noticed Natasha
  1097 | D:2      | Killed Natasha
  1098 | D:2      | Reached skill level 1 in Short Blades
  1098 | D:2      | Reached XP level 4. HP: 18/41 MP: 3/3
  1619 | D:2      | Noticed Natasha
  1633 | D:2      | Killed Natasha
  1700 | D:3      | Noticed Terence
  1712 | D:3      | Killed Terence
  1713 | D:3      | Reached XP level 5. HP: 41/47 MP: 4/4
  1840 | D:3      | Reached skill level 1 in Dodging
  2519 | D:4      | Reached skill level 5 in Armour
  2812 | D:4      | Found a stormy altar of Qazlal.
  2932 | D:4      | Reached skill level 5 in Fighting
  2934 | D:4      | Noticed Ijyb
  2936 | D:4      | Paralysed by Ijyb for 4 turns
  2950 | D:4      | Paralysed by Ijyb for 4 turns
  2960 | D:4      | Paralysed by Ijyb for 5 turns
  2966 | D:4      | Killed Ijyb
  3161 | D:4      | Noticed Eustachio
  3180 | D:4      | Killed Eustachio
  3181 | D:4      | Reached XP level 6. HP: 56/56 MP: 5/5
  3557 | D:5      | Entered Level 5 of the Dungeon
  3557 | D:5      | Noticed Grinder
  3567 | D:5      | Killed Grinder
  3568 | D:5      | Reached skill level 5 in Shields
  3568 | D:5      | Reached XP level 7. HP: 47/62 MP: 6/6
  3593 | D:5      | Noticed CertainDeath's ghost (novice MiGl)
  3601 | D:5      | Found a transporter.
  3647 | D:5      | Found a transporter.
  3698 | D:5      | Noticed Blork the orc
  3717 | D:5      | Killed Blork the orc
  4012 | D:5      | Reached XP level 8. HP: 64/71 MP: 7/7
  4054 | D:5      | Noticed Pikel
  4055 | D:5      | Noticed Menkaure
  4088 | D:5      | Reached skill level 5 in Short Blades
  4090 | D:5      | Killed Pikel
  4095 | D:5      | Killed Menkaure
  4519 | D:5      | Found a burning altar of Makhleb.
  4592 | D:5      | Found a shimmering altar of Xom.
  5043 | D:6      | Reached skill level 1 in Stealth
  5063 | D:6      | Mangled by a wight

Illustrated notes

Levels and vault maps discovered:
D:1:      ncdulo_wetmaze, layout_loops_ring, serial_shops, nicolae_shop_stone
D:2:      layout_rooms, dreamdust_ecumenical_altar_grove, uniq_natasha
D:3:      layout_loops_ring, nicolae_elevator_lobby_plus, uniq_terence
D:4:      layout_loops_ring, general_overflow_altar,
          hangedman_decor_peaks_small, uniq_eustachio, uniq_ijyb
D:5:      layout_basic, mainiacjoe_overflow_24_doors, led_xom_imps,
          gammafunk_ghost_stat_death, uniq_menkaure, uniq_pikel, uniq_grinder,
          uniq_blork_the_orc
D:6:      minmay_razor_zed, layout_rooms, tso_altar, lemuel_doored_altar,
          temple_green, enter_ossuary_2, patterned_corridor

Skill      XL: |  1  2  3  4  5  6  7  8 |
---------------+-------------------------+-----
Fighting       | 4 5 6 7 |  7.7
Armour         | 4 5 6 7 |  7.9
Shields        | 4 5 6 |  6.9
Short Blades   | 1 2 3 4 5 |  5.9
Dodging        | 1 2 |  2.9
Stealth        | 1 |  1.1
Axes           | |  2.4
Maces & Flails | |  0.2

Action                   |  1- 3 |  4- 6 |  7- 9 || total
-------------------------+-------+-------+-------++-------
Melee: War axe           |    41 |       |       ||    41
       Headbutt          |    10 |    25 |    26 ||    61
       Dagger            |    63 |   158 |   126 ||   347
       Whip              |       |       |    13 ||    13
  Use: Scroll            |       |     6 |     4 ||    10
       Potion            |       |     1 |     6 ||     7
 Stab: Invisible         |       |       |     2 ||     2
Armor: Scale mail        |    53 |    42 |    35 ||   130
Dodge: Dodged            |    52 |    49 |    36 ||   137
Block: Buckler           |    19 |    44 |    57 ||   120
       Reflection        |       |     1 |     1 ||     2
